Map: Frozen Temple

Players

Good

  • Race: Terran Terran
  • League: Platinum

blackxored - Winner!

  • Race: Zerg Zerg
  • League: Diamond

VOD

Have the link to the VOD?

Description

Time

  • Played on: July 1, 2016, 10:34 a.m.
  • Length: 3:15
Show
View Real Time Build Order
Export as new Build Order

Good Terran 

Build Orders:  

Get SALT Encoding   

  12  0:01  SCV  
  13  0:13  SCV  
  14  0:21  Supply Depot  
  14  0:30  SCV  
  15  0:43  Barracks  
  15  0:46  SCV  
  16  1:03  Barracks  
  16  1:10  SCV  
  17  1:12  Barracks  
  17  1:27  Supply Depot  
  17  1:28  SCV  
  17  1:30  Marine  
  19  1:43  Bunker  
  19  1:45  SCV  
  20  1:48  Marine  
  21  1:58  Bunker  
  21  2:02  Marine  
  21  2:03  Marine  
  23  2:14  Bunker  
  23  2:16  Bunker  
  23  2:18  Marine  
  24  2:36  Marine x2  
  23  2:38  Marine  
  23  2:41  SCV  
  22  2:53  SCV  
  22  2:54  Marine x2  
  22  2:56  Marine  
Show
View Real Time Build Order
Export as new Build Order

blackxored Zerg - Winner!

Build Orders: Hatch First 

Get SALT Encoding   

  12  0:01  Drone  
  13  0:08  Drone  
  14  0:17  Overlord  
  14  0:22  Extractor  
  14  0:24  Drone  
  15  0:37  Drone x2  
  17  0:52  Hatchery  
  17  0:56  Drone  
  17  0:59  Drone  
  18  1:11  Extractor  
  17  1:14  Spawning Pool  
  17  1:16  Drone  
  17  1:20  Drone  
  18  1:30  Drone  
  19  1:43  Overlord  
  20  2:08  Zergling x4, Spine Crawler  
  22  2:11  Baneling Nest  
  20  2:16  Spine Crawler  
  20  2:21  Spine Crawler  
Tags
 
Add a new tag
Caveats
  • Supply blocks, unpowered buildings, or Contaminate may cause inaccurate times.
  • Supply counts are checked every 10 seconds.